 Dungeon Crawl Stone Soup version 0.31.0-32-g396128a36d (webtiles) character file.

Game seed: 14637654515245618417

718 monsoonserge the Ruffian (level 7, -7/79 HPs)
             Began as a Gnoll Shapeshifter on Mar 16, 2024.
             Was an Initiate of Gozag.
             Mangled by a two-headed ogre
             ... wielding a +0 giant spiked club
              (19 damage)
             ... on level 6 of the Dungeon.
             The game lasted 00:08:51 (3759 turns).

monsoonserge the Ruffian (Gnoll Shapeshifter)       Turns: 3759, Time: 00:08:52

Health: -7/79      AC: 23    Str: 18    XL:     7   Next: 70%
Magic:  20/20      EV:  2    Int: 10    God:    Gozag
Gold:   293        SH:  4    Dex:  9    Spells: 11/11 levels left

rFire   + .          .
                       - Unarmed
rCold   . . .        p - +0 buckler
rNeg    + . .        C - melded +0 chain mail
rPois   +            o - melded +0 helmet
rElec   .            g - melded +0 cloak
rCorr   .            (gloves currently unavailable)
SInv    .            (boots currently unavailable)
Will    .....        (no amulet)
Stlth   ++           s - ring "Zoocsas" {rF+ rN+ MP+9 Str+3 Dex-2}
HPRegen 0.33/turn    (no ring)
MPRegen 0.17/turn

%: no passive effects
@: tree-form, gold aura
A: stationary, stasis, torment immunity, boosted hp, (fangs 1), strong nose,
distributed training
a: Renounce Religion, Potion Petition, Call Merchant, Bribe Branch


You were on level 6 of the Dungeon.
You worshipped Gozag.
Gozag was aware of your devotion.
You were a tree.
You visited 1 branch of the dungeon, and saw 6 of its levels.

You collected 379 gold pieces.
You paid 86 gold pieces to Gozag.

Inventory:

Missiles
 e - a throwing net
 q - 5 boomerangs
 u - 5 curare-tipped darts
 w - 5 poisoned darts (quivered)
Armour
 g - a +0 cloak (melded)
 n - a +0 leather armour
 o - a +0 helmet (melded)
 p - a +0 buckler (worn)
 r - a +0 ring mail
 C - a +0 chain mail (melded)
Jewellery
 s - the ring "Zoocsas" (left branch) {rF+ rN+ MP+9 Str+3 Dex-2}
   (You found it on level 3 of the Dungeon)

   [ring of magical power]

   Str+3:     It affects your strength (+3).
   Dex-2:     It affects your dexterity (-2).
   rF+:       It protects you from fire.
   rN+:       It protects you from negative energy.
   MP+9:      It affects your magic capacity (+9).
 z - a +4 ring of protection
 A - an amulet of magic regeneration
Talismans
 c - a beast talisman (active)
 d - a flux talisman
Wands
 x - a wand of flame (4)
Scrolls
 a - 4 scrolls of blinking {unknown}
 i - 2 scrolls of identify {unknown}
 j - a scroll of immolation {unknown}
 k - 5 scrolls of teleportation {unknown}
 l - a scroll of torment {unknown}
 m - a scroll of poison {unknown}
 y - a scroll of amnesia {unknown}
Potions
 f - 4 potions of attraction {unknown}
 h - 2 potions of brilliance {unknown}
 t - 2 potions of heal wounds {unknown}
 v - a potion of haste {unknown}
 B - a potion of mutation {unknown}
 D - a potion of curing {unknown}


   Skills:
 + Level 3.8 Fighting
 + Level 2.7 Short Blades
 + Level 2.7 Long Blades
 + Level 2.7 Axes
 + Level 2.7 Maces & Flails
 + Level 2.7 Polearms
 + Level 2.7 Staves
 + Level 2.7 Ranged Weapons
 + Level 2.7 Throwing
 + Level 2.7 Armour
 + Level 5.4 Dodging
 + Level 2.7 Stealth
 + Level 2.7 Shields
 + Level 7.1 Unarmed Combat
 + Level 2.7 Spellcasting
 + Level 2.2 Conjurations
 + Level 2.2 Hexes
 + Level 2.2 Summonings
 + Level 2.2 Necromancy
 + Level 2.2 Translocations
 + Level 2.2 Fire Magic
 + Level 2.2 Ice Magic
 + Level 2.2 Air Magic
 + Level 2.2 Earth Magic
 + Level 2.2 Alchemy
 + Level 3.0 Invocations
 + Level 2.7 Evocations
 + Level 7.0 Shapeshifting


You had 11 spell levels left.
You didn't know any spells.
Your spell library was empty.

Dungeon Overview and Level Annotations

Branches:
Dungeon (6/15)
 Temple: D:4-7

Altars:
Gozag

Shops:
D:4 :

Annotations:
D:4 dig


Innate Abilities, Weirdness & Mutations

You are a tree.
Your roots penetrate the ground, keeping you stationary.
You cannot be teleported.
You are immune to unholy pain and torment.
Your maximum health is greatly increased.
Your equipment is partially melded.
((You have very sharp teeth.))
Your uncanny sense of smell can sniff out nearby items.
Your experience applies equally to all skills.


Message History

The orc priest mumbles some strange prayers to Beogh against you.
Pain shoots through your body! The orc hits you with a +0 club.
You barely miss the orc priest.
The orc priest is severely wounded.
The orc priest closely misses you. The orc hits you but does no damage.
You barely miss the orc priest.
The orc priest is severely wounded.
The two-headed ogre hits you with a +0 giant spiked club.
The two-headed ogre hits you with a +0 giant club!
You block the orc's attack.
Okay, then.
Okay, then.
Your transformation has ended.
Your +0 cloak unmelds from your body.
Your +0 helmet unmelds from your body.
You turn into a tree.
Your +0 cloak melds into your body.
Your +0 helmet melds into your body.
Your +0 chain mail melds into your body.
Your roots penetrate the ground.
You barely miss the orc.
The orc priest looks encouraged for a moment.
You smack the orc!
You kill the orc!
The orc priest invokes the aid of Beogh against you.
Beogh smites you!
* * * LOW HITPOINT WARNING * * *
You cannot move.
You hit the orc.
The orc is lightly wounded.
The orc hits you but does no damage.
The orc priest calls upon Beogh to heal the orc.
The orc's wounds heal themselves!
You smack the orc!
You kill the orc!
The orc priest looks braver for a moment.
You smack the two-headed ogre!
The two-headed ogre is lightly wounded.
You block the two-headed ogre's attack.
The two-headed ogre hits you with a +0 giant club!!
You die...
Your body crumbles into a pile of gold.

#.###.#########
##.##.#..............
.!#......#.#########
..#.####.#.........#
..#.....).......##.#
####o#....#.#####......
#....##..<))##..#...#.#
#....#................#
.##....#♣...........#...#
.......oO$................
........#.###.#........#..
..##....#.....#####..#.#.#
. #......###### #....#.#
#...... .# #. #......
#####... #.#


You could see a two-headed ogre and an orc.

Vanquished Creatures
  A sky beast (D:5)
  A phantom (D:6)
  2 ogres
  A scorpion (D:4)
  A bombardier beetle (D:5)
  A jelly (D:5)
  An orc priest (D:5)
  A sleepcap (D:4)
  2 iguanas
  A gnoll (D:6)
  6 adders
  A ribbon worm (D:2)
  5 dart slugs
  12 orcs
  10 ball pythons
  4 bats
  9 endoplasms
  2 giant cockroaches
  7 goblins
  5 hobgoblins
  9 kobolds
  5 quokkas
  2 frilled lizards (D:2)
  3 rats
92 creatures vanquished.

Notes
Turn   | Place    | Note
-------+----------+-------------------------------------------
     0 | D:1      | monsoonserge the Gnoll Shapeshifter began the quest for the
                  | Orb.
     0 | D:1      | Reached XP level 1. HP: 17/17 MP: 1/1
    37 | D:1      | Reached XP level 2. HP: 23/23 MP: 2/2
   616 | D:2      | Reached XP level 3. HP: 26/28 MP: 3/3
   776 | D:2      | Reached skill level 1 in Invocations
   996 | D:2      | Reached skill level 1 in Short Blades
   996 | D:2      | Reached skill level 1 in Long Blades
   996 | D:2      | Reached skill level 1 in Axes
   996 | D:2      | Reached skill level 1 in Maces & Flails
   996 | D:2      | Reached skill level 1 in Polearms
   996 | D:2      | Reached skill level 1 in Staves
   996 | D:2      | Reached skill level 1 in Ranged Weapons
   996 | D:2      | Reached skill level 1 in Throwing
   996 | D:2      | Reached skill level 1 in Armour
   996 | D:2      | Reached skill level 1 in Stealth
   996 | D:2      | Reached skill level 1 in Shields
   996 | D:2      | Reached skill level 1 in Spellcasting
   996 | D:2      | Reached skill level 1 in Evocations
  1079 | D:2      | Found a faded altar of an unknown god.
  1690 | D:3      | Reached XP level 4. HP: 27/34 MP: 5/5
  1958 | D:3      | Reached skill level 1 in Conjurations
  1958 | D:3      | Reached skill level 1 in Hexes
  1958 | D:3      | Reached skill level 1 in Summonings
  1958 | D:3      | Reached skill level 1 in Necromancy
  1958 | D:3      | Reached skill level 1 in Translocations
  1958 | D:3      | Reached skill level 1 in Fire Magic
  1958 | D:3      | Reached skill level 1 in Ice Magic
  1958 | D:3      | Reached skill level 1 in Air Magic
  1958 | D:3      | Reached skill level 1 in Earth Magic
  1958 | D:3      | Reached skill level 1 in Alchemy
  2054 | D:3      | Identified the ring "Zoocsas" {rF+ rN+ MP+9 Str+3 Dex-2}
  2277 | D:4      | Found Ciuj's Self-Published Books.
  2673 | D:4      | Noticed an ogre
  2684 | D:4      | Killed an ogre
  2685 | D:4      | Reached XP level 5. HP: 38/41 MP: 7/7
  2851 | D:4      | Reached XP level 6. HP: 45/47 MP: 8/8
  2868 | D:4      | Reached skill level 5 in Dodging
  3090 | D:5      | Entered Level 5 of the Dungeon
  3173 | D:5      | Found an opulent altar of Gozag.
  3192 | D:5      | Became a worshipper of Gozag Ym Sagoz the Greedy
  3204 | D:5      | Noticed a sky beast
  3217 | D:5      | Killed a sky beast
  3218 | D:5      | Reached XP level 7. HP: 36/52 MP: 10/10
  3745 | D:6      | Noticed a two-headed ogre
  3759 | D:6      | Mangled by a two-headed ogre

Illustrated notes

Levels and vault maps discovered:
D:1:      reono_arrival_mine, layout_basic
D:2:      layout_basic, shapermc_ecumenical_altar_mp_highgroup
D:3:      layout_loops_cross
D:4:      layout_basic, corexii_checkpoint, grunt_ministairs_10,
          nicolae_custom_books, due_unseen_surprise
D:5:      layout_loops_corners, nicolae_gozag_cash_rules_everything_around_me,
          general_overflow_altar, kennysheep_generic_room_12
D:6:      layout_basic, kennysheep_mini_moat

Skill      XL: |  1  2  3  4  5  6  7 |
---------------+----------------------+-----
Invocations    | 1 2 3 |  3.0
Short Blades   | 1 2 |  2.7
Long Blades    | 1 2 |  2.7
Axes           | 1 2 |  2.7
Maces & Flails | 1 2 |  2.7
Polearms       | 1 2 |  2.7
Staves         | 1 2 |  2.7
Ranged Weapons | 1 2 |  2.7
Throwing       | 1 2 |  2.7
Armour         | 1 2 |  2.7
Stealth        | 1 2 |  2.7
Shields        | 1 2 |  2.7
Spellcasting   | 1 2 |  2.7
Evocations     | 1 2 |  2.7
Conjurations   | 1 2 |  2.2
Hexes          | 1 2 |  2.2
Summonings     | 1 2 |  2.2
Necromancy     | 1 2 |  2.2
Translocations | 1 2 |  2.2
Fire Magic     | 1 2 |  2.2
Ice Magic      | 1 2 |  2.2
Air Magic      | 1 2 |  2.2
Earth Magic    | 1 2 |  2.2
Alchemy        | 1 2 |  2.2
Fighting       | 3 |  3.8
Dodging        | 5 |  5.4
Unarmed Combat | 7 |  7.1
Shapeshifting  | 7 |  7.0

Action                     |  1- 3 |  4- 6 |  7- 9 || total
---------------------------+-------+-------+-------++-------
  Melee: Unarmed           |    91 |   119 |    64 ||   274
         Bite              |     8 |     9 |     7 ||    24
  Throw: Boomerang         |       |       |     1 ||     1
  Evoke: Wand              |       |     6 |       ||     6
    Use: Potion            |       |       |     1 ||     1
   Stab: Sleeping          |     1 |       |       ||     1
         Distracted        |       |       |     1 ||     1
 Armour: Animal skin       |     5 |       |       ||     5
         Skin              |    18 |    25 |     6 ||    49
         Chain mail        |       |       |    44 ||    44
  Dodge: Dodged            |    56 |    94 |    24 ||   174
  Block: Buckler           |       |     1 |    11 ||    12
   Form: Flux              |     3 |     2 |       ||     5
         Beast             |     2 |     2 |     1 ||     5
